 Dungeon Crawl Stone Soup version 0.19.0 (webtiles) character file.

9162 gg19 the Quickloader (level 11, -2/94 HPs)
             Began as a Centaur Hunter on Nov 11, 2016.
             Was an Elder of Okawaru.
             Killed from afar by a hell hound (14 damage)
             ... with a blast of flame
             ... on level 9 of the Dungeon.
             The game lasted 00:39:42 (16803 turns).

gg19 the Quickloader (Centaur Hunter)              Turns: 16803, Time: 00:39:43

Health: -2/94      AC: 22    Str: 18    XL:     11   Next: 19%
Magic:  11/11      EV: 11    Int: 14    God:    Okawaru [****..]
Gold:   429        SH:  0    Dex: 15    Spells: 0 memorised, 10 levels left

rFire  . . .     SeeInvis .     c - +7 great mace of Destruction {flame, Int+4}
rCold  . . .     Gourm    .     y - +0 scale mail
rNeg   . . .     Faith    .     (shield currently unavailable)
rPois  .         Spirit   .     m - +2 helmet
rElec  .         Reflect  .     h - +0 cloak
rCorr  .         Harm     .     D - +0 pair of gloves
MR     .....                    q - +4 centaur barding
Stlth  +.........               A - amulet of rage
                                (no ring)
                                (no ring)

@: agile, exhausted, slowed
A: hooves 3, deformed body, speed 2, mutation resistance 1, tough skin 3, no
device heal 2
a: Heroism, Renounce Religion, Evoke Berserk Rage


You were on level 9 of the Dungeon.
You worshipped Okawaru.
Okawaru was greatly pleased with you.
You were not hungry.

You visited 2 branches of the dungeon, and saw 10 of its levels.
You visited the Abyss 2 times.
You also visited: Ossuary.

You collected 429 gold pieces.

Inventory:

Hand Weapons
 a - a +2 hand crossbow
 b - a +0 whip of holy wrath
 c - the +7 great mace of Destruction (weapon) {flame, Int+4}
   (You acquired it on level 9 of the Dungeon)

   It has been specially enchanted to burn those struck by it, causing extra
   injury to most foes and up to half again as much damage against particularly
   susceptible opponents.
   It affects your intelligence (+4).
Missiles
 C - 38 bolts
Armour
 h - a +0 cloak (worn)
 k - a +0 plate armour
 m - a +2 helmet (worn)
 q - a +4 centaur barding (worn)
 y - a +0 scale mail (worn)
 D - a +0 pair of gloves (worn)
Jewellery
 w - an uncursed amulet of regeneration
 A - an amulet of rage (around neck)
Wands
 r - a wand of iceblast (10/15)
 v - a wand of flame (22/48)
Scrolls
 i - a scroll of identify
 n - 2 scrolls of remove curse
 o - 5 scrolls of magic mapping
 B - a scroll of amnesia
Potions
 d - a potion of might
 e - a potion of lignification
 j - 4 potions of flight
 p - 5 potions of curing
 x - 2 potions of agility
Comestibles
 f - 5 bread rations
 g - 4 beef jerkies
 s - 4 chunks of flesh
 u - 6 slices of pizza


   Skills:
 + Level 8.2 Fighting
 + Level 7.1 Maces & Flails
 * Level 12.6 Crossbows
 + Level 5.8 Armour
 - Level 1.3 Dodging
 - Level 0.4 Stealth


You had 10 spell levels left.
You didn't know any spells.

Dungeon Overview and Level Annotations

Branches:
Dungeon (9/15)             Temple (1/1) D:5             Orc (0/2) D:9
   Lair: D:8-11

Altars:
Ashenzari
Cheibriados
Dithmenos
Elyvilon
Fedhas
Gozag
Hepliaklqana
Kikubaaqudgha
Makhleb
Okawaru
Qazlal
Ru
Sif Muna
Trog
Uskayaw
Vehumet
Yredelemnul
Zin

Shops:
D:5 *   D:6 %

Annotations:
D:9 1 runed door


Innate Abilities, Weirdness & Mutations

You have hooves in place of feet.
Armour fits poorly on your strangely shaped body.
You cover ground very quickly.
You have extremely tough skin. (AC +3)
You are somewhat resistant to further mutation.
Potions and wands are poor at restoring your health.


Message History

The hell hound completely misses you. The hell hound breathes flames at you.
The blast of flame misses you.
Your surroundings suddenly seem different.
Okay, then.
Okay, then.
The hell hound bites you but does no damage.
The hell hound bites you but does no damage.
The hell hound bites you!
* * * LOW HITPOINT WARNING * * *
You feel agile all of a sudden.
Your system partially rejects the healing.
You feel better. The hell hound breathes flames at you.
The blast of flame hits you!
* * * LOW HITPOINT WARNING * * *
The hell hound breathes flames at you.
The blast of flame hits the hell hound.
The hell hound completely resists.
The blast of flame hits you!
You die...

#################################
..(..........)..@hhh.............
####(........#######..#####..####
#.(.......#*,,**#..# #..#
#...(.(..##,,,,*#..# #..#
#......h##.,,,,,##.# #..#
#.......'.ยง(...,,#.# #..#
#.......'.....(,,#.# #..#
#.......##....(,##.# #..#
#........##....*#..# #..#


You could see 3 hell hounds.

Vanquished Creatures
  A wizard (D:9)
  Psyche (D:8)
  2 hippogriffs (D:8)
  The ghost of samnon the Cudgeler, an amateur TrCK of Xom (D:4)
  A human (D:7)
  A wyvern (D:9)
  A hungry ghost (D:5)
  4 hogs
  A hell hound (Abyss:3)
  Duvessa (D:4)
  9 orc warriors
  3 sky beasts
  4 phantoms
  5 ice beasts
  5 ogres
  2 necrophages
  5 centaurs
  2 big kobolds (D:8)
  6 elf zombies (Ossuary)
  6 bullfrogs
  Dowan (D:4)
  4 scorpions
  12 killer bees (D:9)
  5 crimson imps
  3 howler monkeys
  3 centaur zombies (Ossuary)
  A bullfrog zombie (D:8)
  6 hounds
  Crazy Yiuf (D:2)
  11 orc wizards
  11 orc priests
  3 human zombies (Ossuary)
  3 jellies
  2 bullfrog skeletons (D:4)
  2 centaur skeletons
  Jessica (D:2)
  Terence (D:2)
  6 worker ants
  2 hound skeletons
  3 mummies (Ossuary)
  2 worker ant zombies
  A howler monkey skeleton (D:7)
  13 adders
  A shadow imp (D:9)
  An adder skeleton (D:6)
  2 adder zombies
  A worm (D:4)
  2 dart slugs
  7 leopard geckos
  50 orcs
  7 bats
  6 giant cockroaches
  4 hobgoblins
  4 jackals
  4 kobolds
  A quokka (D:7)
  A ball python (D:3)
  7 frilled lizards
  10 goblins
  A goblin zombie (D:5)
  A jackal skeleton (D:4)
  2 leopard gecko skeletons
  9 rats
  A rat zombie (D:5)
280 creatures vanquished.

Vanquished Creatures (others)
  A human (D:2)
1 creature vanquished.

Grand Total: 281 creatures vanquished

Notes
Turn   | Place    | Note
-------+----------+-------------------------------------------
     0 | D:1      | gg19 the Centaur Hunter began the quest for the Orb.
     0 | D:1      | Reached XP level 1. HP: 17/17 MP: 1/1
   174 | D:1      | Reached XP level 2. HP: 22/24 MP: 2/2
   461 | D:1      | HP: 1/24 [adder (1)]
   806 | D:1      | Reached skill level 5 in Crossbows
   806 | D:1      | Reached XP level 3. HP: 25/30 MP: 3/3
   828 | D:2      | Reached skill level 1 in Armour
   915 | D:2      | Found an ancient bone altar of Kikubaaqudgha.
   922 | D:2      | Noticed a human
   931 | D:2      | Killed a human
   972 | D:2      | Found a runed door.
  1073 | D:2      | Noticed Jessica
  1078 | D:2      | Killed Jessica
  1078 | D:2      | Reached XP level 4. HP: 36/37 MP: 4/4
  1092 | D:2      | Noticed Terence
  1099 | D:2      | Killed Terence
  1382 | D:2      | Noticed Crazy Yiuf
  1429 | D:2      | Killed Crazy Yiuf
  1429 | D:2      | Reached skill level 1 in Maces & Flails
  1429 | D:2      | Reached XP level 5. HP: 44/44 MP: 5/5
  1711 | D:3      | Reached skill level 6 in Crossbows
  2118 | D:3      | Reached XP level 6. HP: 32/51 MP: 6/6
  3325 | D:4      | Noticed Duvessa
  3329 | D:4      | Noticed Dowan
  3330 | D:4      | Killed Duvessa
  3330 | D:4      | Reached skill level 7 in Crossbows
  3330 | D:4      | Reached XP level 7. HP: 55/59 MP: 7/7
  3339 | D:4      | Killed Dowan
  3540 | D:4      | Noticed samnon's ghost (amateur TrCK)
  3694 | D:4      | Killed samnon's ghost
  4180 | D:5      | Entered Level 5 of the Dungeon
  4238 | D:4      | Reached XP level 8. HP: 67/67 MP: 8/8
  4279 | D:5      | Reached skill level 8 in Crossbows
  4354 | D:5      | Reached skill level 5 in Fighting
  4560 | D:5      | Found a staircase to the Ecumenical Temple.
  4576 | Temple   | Entered the Ecumenical Temple
  4686 | Temple   | Became a worshipper of Warmaster Okawaru
  4774 | D:5      | Found Luphuenk's Elemental Accessories.
  4807 | D:5      | Found a sand-covered staircase.
  4818 | Ossuary  | Entered an ossuary
  5052 | Ossuary  | Reached skill level 9 in Crossbows
  5386 | Ossuary  | Reached * piety under Okawaru
  5404 | Ossuary  | Reached XP level 9. HP: 46/75 MP: 9/9
  6500 | D:6      | You fall through a shaft for 3 floors!
  6524 | D:9      | Found a staircase to the Orcish Mines.
  7435 | D:7      | Reached skill level 10 in Crossbows
  7786 | D:7      | Reached ** piety under Okawaru
  8022 | D:7      | Reached skill level 5 in Maces & Flails
  9184 | D:6      | Found Rirogh's Food Shoppe.
 10333 | D:6      | Reached *** piety under Okawaru
 10333 | D:6      | Reached XP level 10. HP: 57/86 MP: 10/10
 10516 | D:7      | Reached skill level 11 in Crossbows
 11190 | D:7      | Received a gift from Okawaru
 11643 | D:8      | Reached skill level 5 in Armour
 11823 | D:8      | Noticed Psyche
 11865 | D:8      | Killed Psyche
 12074 | D:8      | Received a gift from Okawaru
 12837 | D:9      | Received a gift from Okawaru
 13347 | D:8      | Reached skill level 12 in Crossbows
 13444 | D:8      | Reached **** piety under Okawaru
 14768 | D:9      | Reached XP level 11. HP: 48/93 MP: 11/11
 15257 | D:9      | Identified a scroll of acquirement
 15258 | D:9      | Got a twisted great mace
 15259 | D:9      | Identified the +7 great mace of Destruction {flame, Int+4} (You acquired it on level 9 of the Dungeon)
 15397 | D:9      | Noticed a wizard
 15728 | D:9      | Cast into level 2 of the Abyss (a wizard)
 15749 | D:9      | Escaped the Abyss
 16026 | D:8      | Gained mutation: Potions and wands are less effective at restoring your health. [mutagenic meat]
 16027 | D:8      | Gained mutation: You are somewhat resistant to further mutation. [mutagenic meat]
 16030 | D:8      | Gained mutation: Potions and wands are poor at restoring your health. [mutagenic meat]
 16221 | D:9      | Found a runed door.
 16221 | D:9      | Noticed a deep troll earth mage
 16221 | D:9      | Noticed a stone giant
 16221 | D:9      | Noticed a deep elf archer
 16223 | D:9      | Noticed an ettin
 16223 | D:9      | Noticed a flayed ghost
 16223 | D:9      | Noticed a flayed ghost
 16223 | D:9      | Noticed a yaktaur captain
 16223 | D:9      | Noticed an ogre mage
 16265 | D:9      | Cast into level 3 of the Abyss (a wizard)
 16310 | Abyss:3  | Noticed a thrashing horror
 16311 | Abyss:3  | Noticed a thrashing horror
 16317 | Abyss:3  | Found a roughly hewn altar of Beogh.
 16320 | D:9      | Escaped the Abyss
 16771 | D:9      | Killed a wizard
 16803 | D:9      | Killed from afar by a hell hound

Skill      XL: |  1  2  3  4  5  6  7  8  9 10 11 |
---------------+----------------------------------+-----
Crossbows      | 5 6 7 9 10 12 | 12.6
Armour         | 1 2 3 4 5 |  5.8
Maces & Flails | 1 2 3 4 5 6 7 |  7.1
Fighting       | 3 4 5 7 8 |  8.2
Dodging        | |  1.3
Stealth        | |  0.4

Action                   |  1- 3 |  4- 6 |  7- 9 | 10-12 || total
-------------------------+-------+-------+-------+-------++-------
Melee: Club              |    12 |       |       |       ||    12
       Spear             |    74 |   170 |   809 |   167 ||  1220
       Kick              |    15 |    35 |   208 |   115 ||   373
       Hand crossbow     |       |       |     3 |       ||     3
       Whip              |       |       |       |   282 ||   282
       Great mace        |       |       |       |     3 ||     3
 Fire: Hand crossbow     |    17 |    60 |   182 |   251 ||   510
Invok: Heroism           |       |       |       |     3 ||     3
 Abil: Evoke Berserk Rag |       |       |       |     2 ||     2
  Use: Potion            |     3 |       |     1 |     7 ||    11
       Scroll            |       |     3 |    18 |    11 ||    32
  Eat: Chunk             |       |     7 |    26 |    22 ||    55
       Pizza             |       |       |       |     3 ||     3
Armor: Leather armour    |    22 |   114 |   473 |   285 ||   894
       Chain mail        |       |    10 |       |       ||    10
       Skin              |       |       |     1 |    48 ||    49
       Scale mail        |       |       |       |   130 ||   130
Dodge: Dodged            |    36 |    55 |   240 |   209 ||   540
